 Dungeon Crawl Stone Soup version 0.27.1-34-g3ba077fa99 (webtiles) character file.

Game seed: 17222464669724758824

18 comborobin the Chopper (level 2, 0/39 HPs)
             Began as a Hill Orc Delver on Jan 6, 2022.
             Succumbed to an adder's poison
             ... on level 4 of the Dungeon.
             The game lasted 00:00:32 (90 turns).

comborobin the Chopper (Hill Orc Delver)              Turns: 90, Time: 00:00:32

Health: 0/39       AC: 21    Str: 14    XL:     2   Next: 70%
Magic:  2/2        EV:  2    Int: 10    God:
Gold:   0          SH:  0    Dex: 12    Spells: 1/1 levels left

rFire    . . .     SeeInvis .   (no weapon)
rCold    . . .     Faith    .   (no shield)
rNeg     + + +     Spirit   .   (armour currently unavailable)
rPois    +         Reflect  .   (helmet currently unavailable)
rElec    .         Harm     .   (cloak currently unavailable)
rCorr    .         Rampage  .   (gloves currently unavailable)
Will     .....     NoTele   +   (boots currently unavailable)
Stlth    ++........             (no amulet)
HPRegen  0.13/turn              (no ring)
MPRegen  0.08/turn              (no ring)

@: lethally poisoned (0 -> -3), tree-form (expiring), hasted, very quick
A: stationary, stasis, torment immunity, boosted hp
a: no special abilities


You were on level 4 of the Dungeon.
You were a tree.
You visited 1 branch of the dungeon, and saw 3 of its levels.

Inventory:

Hand Weapons
 a - a +0 hand axe
Armour
 b - a +0 leather armour (melded)
Wands
 g - a wand of digging (3)
Scrolls
 c - a scroll of fog
 e - a scroll of fear


   Skills:
 - Level 3.6 Fighting
 + Level 4.3 Axes
 - Level 1.5 Dodging
 - Level 4.1 Stealth


You had one spell level left.
You didn't know any spells.
Your spell library was empty.

Dungeon Overview and Level Annotations

Branches:
Dungeon (6/15)
 Temple: D:4-7

Altars:

Annotations:
D:5 1 runed translucent door


Message History

You kill the adder!
Your Axes skill increases to level 3!
You have reached level 2!
Unknown command.
You smack the adder!
The adder is almost dead.
The adder bites you.
* * * LOW HITPOINT WARNING * * *
You are poisoned.
The adder poisons you!
You barely miss the adder.
The adder is almost dead.
You feel sick. The adder bites you.
* * * LOW HITPOINT WARNING * * *
You closely miss the adder.
The adder is almost dead.
* * * LOW HITPOINT WARNING * * *
You feel sick. The adder bites you but does no damage.
You smack the adder!
You kill the adder!
Your transformation is almost over.
Your Axes skill increases to level 4!
You cannot move.
You cannot move.
You cannot move.
You cannot move.
Unknown command.
Unknown command.
* * * LOW HITPOINT WARNING * * *
You feel sick.
The goblin unwields a +0 dagger.
The goblin wields a +0 hunting sling.
The goblin shoots a stone.
The stone hits you but does no damage.
You cannot move.
* * * LOW HITPOINT WARNING * * *
You feel sick.
You cannot move.
The goblin shoots a stone.
The stone hits you.
* * * LOW HITPOINT WARNING * * *
You aren't carrying any potions.
You die...

#.# #.# #.#
#.###########
#>..........
#.####....####
#.# #........
#.####........
#..♣)gh.......
######........
#.......S
#####.... ?.g
.. #


You could see a hound and a goblin.

Vanquished Creatures
  2 adders (D:4)
  A kobold (D:4)
3 creatures vanquished.

Notes
Turn   | Place    | Note
-------+----------+-------------------------------------------
     0 | D:5      | comborobin the Hill Orc Delver began the quest for the Orb.
     0 | D:5      | Reached XP level 1. HP: 19/19 MP: 1/1
     1 | D:6      | Noticed an iguana
    19 | D:5      | Noticed a killer bee
    20 | D:5      | Found the +9 staff of Olgreb {rPois∞}
    31 | D:5      | Found a runed translucent door.
    31 | D:5      | Noticed a killer bee
    31 | D:5      | Noticed a killer bee
    31 | D:5      | Noticed a killer bee
    31 | D:5      | Noticed a killer bee
    31 | D:5      | Noticed a killer bee
    31 | D:5      | Noticed a killer bee
    63 | D:4      | Noticed a hound
    83 | D:4      | Reached XP level 2. HP: 13/26 MP: 2/2
    89 | D:4      | HP: 1/39 [goblin/stone (3)]
    90 | D:4      | Succumbed to an adder's poison

Illustrated notes

Levels and vault maps discovered:
D:4:      layout_basic, minmay_temple_entry_slanted, minivault_25
D:5:      layout_loops_ring, mainiacjoe_overflow_small_starburst,
          minmay_guarded_unrand_staff_of_olgreb, uniq_grinder
D:6:      cheibrodos_barr_body, layout_loops_corners, kennysheep_little_box,
          kiku_gazebo_pond_becter, lightli_temple_of_fire, serial_glass,
          glass_columns_b, glass_columns_b, glass_columns_a, glass_columns_a,
          minmay_misc_feat_tiny, uniq_pikel

Skill      XL: |  1  2 |
---------------+-------+-----
Axes           | 3 4 |  4.3
Fighting       | |  3.6
Dodging        | |  1.5
Stealth        | |  4.1

Action                   || total
-------------------------++-------
Melee: Unarmed           ||    15
       Hand axe          ||     7
  Use: Potion            ||     2
       Scroll            ||     1
Armor: Skin              ||    12
       Leather armour    ||     4
Dodge: Dodged            ||     6
